 Dungeon Crawl Stone Soup version 0.22.1-1-ga44c0e56f4 (webtiles) character file.

41540 Ivernyr the Ogre Mage (level 14, -9/154 HPs)
             Began as an Ogre Wizard on Oct 24, 2018.
             Was the Champion of Cheibriados.
             Mangled by a komodo dragon (28 damage)
             ... on level 6 of the Lair of Beasts on Oct 25, 2018.
             The game lasted 03:36:54 (26123 turns).

Ivernyr the Ogre Mage (Ogre Wizard)                Turns: 26123, Time: 03:36:55

Health: -9/154     AC:  8    Str: 29    XL:     14   Next: 15%
Magic:  32/34      EV: 10    Int: 41    God:    Cheibriados [******]
Gold:   912        SH:  0    Dex: 22    Spells: 31/45 levels left

rFire    + . .     SeeInvis .   a - +10 mace of the Spinneret {crush, rF+ rN+}
rCold    . . .     Gourm    .   (no shield)
rNeg     + . .     Faith    .   o - +2 robe {MR+}
rPois    +         Spirit   .   K - +2 hat {Int+3}
rElec    .         Reflect  .   H - +0 cloak
rCorr    .         Harm     .   (gloves unavailable)
MR       ++...                  (boots unavailable)
Stlth    ++........             F - amulet of magic regeneration
HPRegen  0.35/turn              (no ring)
MPRegen  0.49/turn              B - ring of poison resistance

@: very slow
A: large, unfitting armour, tough skin 1
a: Bend Time, Temporal Distortion, Slouch, Step From Time, Renounce Religion


You were on level 6 of the Lair of Beasts.
You worshipped Cheibriados.
Cheibriados was exalted by your worship.
You were not hungry.

You visited 3 branches of the dungeon, and saw 17 of its levels.
You also visited: Sewer.

You collected 912 gold pieces.

Inventory:

Hand Weapons
 a - the +10 mace of the Spinneret (weapon) {crush, rF+ rN+}
   (You found it on level 6 of the Dungeon)

   It inflicts extra damage upon your enemies.
   It protects you from fire.
   It protects you from negative energy.
Missiles
 t - 7 large rocks (quivered)
Armour
 o - a +2 robe of magic resistance (worn)
 H - a +0 cloak (worn)
 K - a +2 hat of intelligence (worn)
Magical Staves
 C - an uncursed staff of wizardry
Jewellery
 B - a ring of poison resistance (right hand)
 F - an amulet of magic regeneration (around neck)
Wands
 p - a wand of flame (35)
 u - a wand of enslavement (7)
 G - a wand of digging (9)
 I - a wand of disintegration (13)
 L - a wand of acid (7)
Scrolls
 b - a scroll of identify
 c - 9 scrolls of teleportation
 i - 2 scrolls of fog
 j - 4 scrolls of enchant armour
 m - 2 scrolls of amnesia
 n - 2 scrolls of enchant weapon
 q - a scroll of noise {unknown}
 r - 2 scrolls of immolation {unknown}
 s - a scroll of vulnerability {unknown}
 v - a scroll of fear {unknown}
 w - 4 scrolls of remove curse
 y - a scroll of magic mapping
Potions
 e - 6 potions of curing
 f - 3 potions of degeneration
 g - 6 potions of mutation
 h - 4 potions of might {unknown}
 k - a potion of brilliance {unknown}
 l - 4 potions of flight
 x - 2 potions of berserk rage {unknown}
 z - 2 potions of ambrosia {unknown}
 A - 2 potions of cancellation {unknown}
 D - a potion of agility {unknown}
 E - a potion of resistance {unknown}
 J - 2 potions of heal wounds
Comestibles
 d - 35 rations
 M - 3 chunks of flesh


   Skills:
 + Level 13.8 Fighting
 - Level 1.7 Dodging
 - Level 1.4 Stealth
 * Level 16.4 Spellcasting
 + Level 10.2 Conjurations
   Level 0.8 Summonings
 - Level 0.8 Translocations
 + Level 11.2 Invocations


You had 31 spell levels left.
You knew the following spells:

 Your Spells              Type           Power        Failure   Level  Hunger
a - Magic Dart            Conj           ####         0%          1    None
b - Blink                 Tloc           N/A          1%          2    None
c - Conjure Flame         Conj/Fire      ######..     1%          3    None
d - Mephitic Cloud        Conj/Pois/Air  ######..     1%          3    None
e - Stone Arrow           Conj/Erth      ######       1%          3    None
f - Passwall              Tmut/Erth      ####....     1%          2    None

Your spell library contained the following spells:

 Spells                   Type           Power        Failure   Level  Hunger
 Confusing Touch          Hex            ####..       1%          1    None
 Sandblast                Erth           ####..       1%          1    None
 Call Imp                 Summ           #####...     1%          2    None
 Slow                     Hex            ####....     1%          2    None
 Gell's Gravitas          Tloc           #####.....   1%          3    None
 Confuse                  Hex            ####....     2%          3    None
 Iskenderun's Battlesphe  Conj/Chrm      ######..     3%          5    None
 Venom Bolt               Conj/Pois      ######....   3%          5    None
 Bolt of Magma            Conj/Fire/Erth ######....   6%          5    None
 Leda's Liquefaction      Hex/Erth       ####......   9%          4    None
 Petrify                  Tmut/Erth      ####....     9%          4    None
 Orb of Destruction       Conj           #######...   11%         7    ##.....
 Iron Shot                Conj/Erth      ######....   16%         6    None
 Lee's Rapid Deconstruct  Erth           ####......   24%         5    None
 Metabolic Englaciation   Hex/Ice        ####......   24%         5    None
 Yara's Violent Unravell  Hex/Tmut       ####......   24%         5    None
 Spellforged Servitor     Conj/Summ      ######....   58%         7    ##.....
 Statue Form              Tmut/Erth      ####.....    78%         6    None
 Shatter                  Erth           ####......   100%        9    ######.


Dungeon Overview and Level Annotations

Branches:
Dungeon (10/15)            Temple (1/1) D:4            Lair (6/6) D:10
 Shoals (0/4) Lair:2        Snake (0/4) Lair:2        Slime (0/5) Lair:6
    Orc: D:9-12

Altars:
Ashenzari
Cheibriados
Elyvilon
Gozag
Nemelex Xobeh
Sif Muna
Trog
Uskayaw
Vehumet
Wu Jian
Xom
Yredelemnul
Zin
The Shining One

Annotations:
D:3 2 transporters
Lair:1 exclusion: oklob plant


Innate Abilities, Weirdness & Mutations

You are too large for most types of armour.
You have tough skin. (AC +1)


Message History

The komodo dragon appears confused.
You start resting.
Magic restored.
You start resting.
The komodo dragon is too close now for your liking.
Casting: Stone Arrow (safe; 1% risk of failure)
Confirm with . or Enter, or press ? or * to list all spells.
Aiming: Stone Arrow (safe; 1% risk of failure)
Press: ? - help, Shift-Dir - straight line, f/p - komodo dragon
Aim: a komodo dragon (heavily wounded)
The stone arrow hits the komodo dragon.
The komodo dragon is heavily wounded.
The komodo dragon bites you!
* * * LOW HITPOINT WARNING * * *
You hit the komodo dragon.
The komodo dragon is severely wounded.
The komodo dragon bites you!!
* * * LOW HITPOINT WARNING * * *
The komodo dragon bites you!!
You die...

*,*,*,****,,,,,,,,,,,,,
*,,,....,*......,,,,,,,
##,,....###..#.,.,.P%,,
##.,,,....#..#.#.,,.PY,,
#.#.**,#.........,,,..,,
*#..**,,......#*..,...,, ***
#P..****#....##.#.Y..## **,*
##..#####....###...##.#
*,,**#.....@##....#....#....
**,,..##..l##......#,,,*#.<.
*,,,,**##.............#*#...
**,,,* #P.#P...........##l.
****** #................#..
*,***** ####..P.........#...
****,,,,,* ***##........#.###.Y
*,,,,*,,,***∩**#.......#...#.#H
**,,,*,,,,**,,,*#.............#)


You could see a komodo dragon.

Vanquished Creatures
  Gastronok (Lair:2)
  Snorg (Lair:4)
  8 hydras
  A catoblepas (Lair:4)
  2 two-headed ogres (D:9)
  A death yak (Lair:5)
  8 wizards (D:10)
  An oklob plant (Lair:4)
  5 elephants
  2 black mambas (Lair:5)
  6 spiny frogs
  2 rime drakes
  11 komodo dragons
  A queen bee (Lair:4)
  3 meliai (Lair:4)
  Grinder (D:5)
  A slime creature (Lair:2)
  12 blink frogs
  7 dream sheep
  A snapping turtle (Lair:2)
  3 hippogriffs
  28 yaks
  Sigmund (D:3)
  2 basilisks
  2 wargs (D:10)
  2 nagas (Lair:2)
  A steam dragon (D:9)
  14 porcupines
  10 water moccasins
  Purgy (Sewer)
  A black bear (D:6)
  6 ogres
  4 orc warriors
  2 ice beasts
  6 sky beasts
  A phantom (D:8)
  2 centaurs
  10 crocodiles
  A wolf (Lair:1)
  4 big kobolds (D:9)
  15 bullfrogs
  2 wyvern skeletons
  4 scorpions
  19 killer bees
  8 wights
  An electric eel (Lair:6)
  A howler monkey (D:3)
  6 crimson imps
  10 orc wizards
  A gnoll shaman (D:4)
  5 orc priests
  A bullfrog skeleton (D:7)
  5 hounds
  8 jellies
  2 centaur skeletons
  2 iguanas
  5 worker ants
  Terence (D:3)
  A killer bee zombie (D:7)
  A hound zombie (D:10)
  Robin (D:3)
  A howler monkey zombie (D:7)
  A river rat (D:5)
  10 adders
  3 gnolls
  3 shadow imps
  15 oozes (Lair:2)
  An adder zombie (D:6)
  An adder skeleton (D:8)
  4 worms
  3 dart slugs
  5 leopard geckos
  36 orcs
  6 giant cockroaches
  20 goblins
  12 hobgoblins
  5 jackals
  8 quokkas
  3 ball pythons
  14 bats
  10 frilled lizards
  18 kobolds
  A leopard gecko zombie (D:8)
  2 quokka skeletons
  A quokka zombie (D:6)
  13 rats
471 creatures vanquished.

Vanquished Creatures (collateral kills)
  4 killer bees (Lair:4)
4 creatures vanquished.

Vanquished Creatures (others)
  A killer bee (D:10)
  16 fungi
  16 plants
33 creatures vanquished.

Grand Total: 508 creatures vanquished

Notes
Turn   | Place    | Note
-------+----------+-------------------------------------------
     0 | D:1      | Ivernyr the Ogre Wizard began the quest for the Orb.
     0 | D:1      | Reached XP level 1. HP: 16/16 MP: 5/5
     2 | D:1      | Noticed a tengu
     2 | D:1      | Noticed an octopode
     4 | D:1      | Noticed a demonspawn
     4 | D:1      | Noticed a felid
     6 | D:1      | Noticed a vampire
     6 | D:1      | Noticed a vine stalker
     8 | D:1      | Noticed an ogre
    10 | D:1      | Noticed a gargoyle
    10 | D:1      | Noticed a ghoul
    12 | D:1      | Noticed a human
    15 | D:1      | Noticed a demigod
    17 | D:1      | Noticed a minotaur
    17 | D:1      | Noticed a centaur
    19 | D:1      | Noticed an elf
    19 | D:1      | Noticed a spriggan
    21 | D:1      | Noticed a draconian
    21 | D:1      | Noticed a formicid
    23 | D:1      | Noticed a halfling
    25 | D:1      | Noticed a naga
    25 | D:1      | Noticed a merfolk
    27 | D:1      | Noticed a dwarf
    27 | D:1      | Noticed a troll
    60 | D:1      | Reached skill level 1 in Conjurations
   265 | D:1      | Reached XP level 2. HP: 26/26 MP: 0/6
   276 | D:1      | Reached skill level 1 in Fighting
   276 | D:1      | Reached skill level 4 in Spellcasting
   386 | D:1      | Found a glowing golden altar of the Shining One.
   826 | D:1      | Reached XP level 3. HP: 33/33 MP: 5/8
  1449 | D:2      | Learned a level 2 spell: Blink
  1453 | D:2      | Learned a level 3 spell: Conjure Flame
  1457 | D:2      | Learned a level 3 spell: Mephitic Cloud
  1741 | D:2      | Reached XP level 4. HP: 37/42 MP: 4/10
  2072 | D:2      | Found a deep blue altar of Sif Muna.
  2301 | D:3      | Reached skill level 5 in Spellcasting
  2377 | D:3      | Noticed Sigmund
  2404 | D:2      | Reached XP level 5. HP: 40/50 MP: 4/12
  2786 | D:3      | Noticed Robin
  3106 | D:3      | Noticed a moth of wrath
  3172 | D:3      | Killed Sigmund
  3172 | D:3      | Reached skill level 6 in Spellcasting
  3172 | D:3      | Reached XP level 6. HP: 17/62 MP: 2/15
  3453 | D:3      | Found a bloodstained altar of Trog.
  3635 | D:3      | Found a transporter.
  3654 | D:3      | Found a transporter.
  3707 | D:3      | Noticed Terence
  3726 | D:3      | Killed Terence
  3805 | D:3      | Killed Robin
  4461 | D:4      | Reached XP level 7. HP: 51/70 MP: 2/16
  4742 | D:4      | Reached skill level 7 in Spellcasting
  4957 | D:4      | Found a staircase to the Ecumenical Temple.
  4967 | Temple   | Entered the Ecumenical Temple
  5008 | Temple   | Became a worshipper of Cheibriados the Contemplative
  5224 | D:3      | Reached skill level 5 in Fighting
  5224 | D:3      | Reached skill level 1 in Invocations
  5791 | D:5      | Entered Level 5 of the Dungeon
  5832 | D:5      | Reached XP level 8. HP: 80/80 MP: 14/19
  6113 | D:5      | Found a glowing drain.
  6119 | Sewer    | Entered a sewer
  6284 | Sewer    | Noticed Purgy
  6289 | Sewer    | Killed Purgy
  6289 | Sewer    | Reached * piety under Cheibriados
  6289 | Sewer    | Reached skill level 8 in Spellcasting
  6808 | D:5      | Noticed Grinder
  6821 | D:5      | Killed Grinder
  7608 | D:6      | Reached skill level 9 in Spellcasting
  7645 | D:6      | Got a crude mace
  7646 | D:6      | Identified the +10 mace of the Spinneret {crush, rF+ rN+}
                  | (You found it on level 6 of the Dungeon)
  7664 | D:6      | Reached XP level 9. HP: 88/92 MP: 15/22
  8774 | D:7      | Reached skill level 5 in Conjurations
  8785 | D:7      | Reached ** piety under Cheibriados
  9034 | D:7      | Found an ornate altar of the Wu Jian Council.
  9036 | D:7      | Found a hide-covered altar of Uskayaw.
  9115 | D:7      | Found a shattered altar of Ashenzari.
  9775 | D:8      | Reached skill level 10 in Spellcasting
 10256 | D:8      | Reached skill level 5 in Invocations
 10719 | D:8      | Reached *** piety under Cheibriados
 11157 | D:8      | Reached XP level 10. HP: 65/104 MP: 21/24
 12575 | D:9      | Reached **** piety under Cheibriados
 12713 | D:9      | Reached skill level 11 in Spellcasting
 12729 | D:9      | Noticed a two-headed hydra
 13121 | D:9      | Killed a two-headed hydra
 13468 | D:9      | Found a sparkling altar of Nemelex Xobeh.
 13699 | D:9      | Noticed a two-headed ogre
 13709 | D:9      | Killed a two-headed ogre
 13709 | D:9      | Reached skill level 12 in Spellcasting
 13709 | D:9      | Reached XP level 11. HP: 80/117 MP: 21/27
 14133 | D:9      | Reached skill level 10 in Fighting
 14364 | D:9      | Noticed a two-headed ogre
 14369 | D:9      | Killed a two-headed ogre
 14603 | D:10     | Entered Level 10 of the Dungeon
 14657 | D:10     | Reached ***** piety under Cheibriados
 14715 | D:10     | Noticed a wizard
 14721 | D:10     | Noticed a wizard
 14727 | D:10     | Killed a wizard
 14746 | D:10     | Killed a wizard
 14836 | D:10     | Noticed a wizard
 14839 | D:10     | Noticed a wizard
 14847 | D:10     | Killed a wizard
 14852 | D:10     | Killed a wizard
 14864 | D:10     | Noticed a wizard
 14876 | D:10     | Killed a wizard
 14876 | D:10     | Reached skill level 13 in Spellcasting
 15012 | D:10     | Noticed a wizard
 15017 | D:10     | Noticed a wizard
 15017 | D:10     | Noticed a wizard
 15024 | D:10     | Killed a wizard
 15031 | D:10     | Killed a wizard
 15039 | D:10     | Killed a wizard
 15270 | D:10     | Found the +3 warlock's mirror {reflect}
 15486 | D:10     | Found a staircase to the Lair.
 16077 | D:10     | Reached XP level 12. HP: 130/130 MP: 29/29
 16485 | Lair:1   | Entered Level 1 of the Lair of Beasts
 18016 | Lair:1   | Learned a level 3 spell: Stone Arrow
 18019 | Lair:1   | Learned a level 2 spell: Passwall
 18151 | Lair:2   | Noticed Gastronok
 18163 | Lair:2   | Killed Gastronok
 18163 | Lair:2   | Reached skill level 14 in Spellcasting
 18545 | Lair:2   | Found a staircase to the Snake Pit.
 18563 | Lair:2   | Reached ****** piety under Cheibriados
 19006 | Lair:2   | Found a staircase to the Shoals.
 19417 | Lair:2   | Noticed a six-headed hydra
 19428 | Lair:2   | Killed a six-headed hydra
 20684 | Lair:3   | Noticed a seven-headed hydra
 20747 | Lair:3   | Killed a seven-headed hydra
 20747 | Lair:3   | Reached XP level 13. HP: 117/141 MP: 11/31
 21030 | Lair:3   | Reached skill level 15 in Spellcasting
 21401 | Lair:3   | Reached skill level 10 in Invocations
 22501 | Lair:4   | Noticed Snorg
 22511 | Lair:4   | Killed Snorg
 23464 | Lair:4   | Found a snail-covered altar of Cheibriados.
 24485 | Lair:5   | Reached skill level 16 in Spellcasting
 24536 | Lair:5   | Reached skill level 10 in Conjurations
 24971 | Lair:5   | Reached XP level 14. HP: 153/153 MP: 24/34
 25371 | Lair:6   | Entered Level 6 of the Lair of Beasts
 26123 | Lair:6   | Mangled by a komodo dragon

Skill      XL: |  1  2  3  4  5  6  7  8  9 10 11 12 13 |
---------------+----------------------------------------+-----
Conjurations   | 1 2 3 4 5 6 8 9 10 | 10.2
Fighting       | 1 2 3 4 5 6 8 9 11 12 13 | 13.8
Spellcasting   | 4 5 6 7 9 10 12 13 14 16 | 16.4
Invocations    | 1 3 5 6 8 9 11 | 11.2
Dodging        | |  1.7
Stealth        | |  1.4
Summonings     | |  0.8
Translocations | |  0.8

Action                   |  1- 3 |  4- 6 |  7- 9 | 10-12 | 13-15 || total
-------------------------+-------+-------+-------+-------+-------++-------
Melee: Unarmed           |    19 |       |       |       |       ||    19
       Whip              |     9 |    64 |       |       |       ||    73
       Spear             |       |    41 |    43 |       |       ||    84
       Halberd           |       |       |   101 |       |       ||   101
       Mace              |       |       |    95 |   350 |   118 ||   563
 Cast: Magic Dart        |    94 |   125 |   248 |   397 |   118 ||   982
       Mephitic Cloud    |       |    13 |    15 |    39 |    29 ||    96
       Blink             |       |     1 |    14 |    15 |    11 ||    41
       Conjure Flame     |       |       |     8 |    11 |     2 ||    21
       Stone Arrow       |       |       |       |    46 |   155 ||   201
Invok: Slouch            |       |       |       |       |     1 ||     1
  Use: Scroll            |       |     3 |     4 |     7 |     4 ||    18
       Potion            |       |       |     2 |     1 |       ||     3
 Stab: Confused          |       |     7 |     4 |    24 |     5 ||    40
       Sleeping          |       |       |     5 |     1 |       ||     6
  Eat: Chunk             |     2 |     9 |    13 |    13 |     5 ||    42
       Ration            |       |       |       |       |     1 ||     1
Armor: Robe              |    17 |    37 |    98 |    95 |    54 ||   301
Dodge: Dodged            |    30 |    67 |    92 |   168 |    73 ||   430
